 Dungeon Crawl Stone Soup version 0.29.1-1-gd02db6906a (webtiles) character file.

Game seed: 10623811351250802622

629 tardwrangler69 the Grappler (level 7, -2/62 HPs)
             Began as a Troll Gladiator on Oct 4, 2022.
             Was an Initiate of Trog.
             Slain by a howler monkey (7 damage)
             ... on level 4 of the Dungeon.
             The game lasted 00:03:09 (2047 turns).

tardwrangler69 the Grappler (Troll Gladiator)       Turns: 2047, Time: 00:03:10

Health: -2/62      AC:  4    Str: 25    XL:     7   Next: 23%
Magic:  6/6        EV: 10    Int:  4    God:    Trog [......]
Gold:   85         SH:  0    Dex: 11    Spells: 6/6 levels left

rFire   . . .      SeeInvis .     - Unarmed
rCold   + . .      Faith    .   (no shield)
rNeg    . . .      Spirit   .   a - +0 robe
rPois   .          Reflect  .   b - +0 hat
rElec   .          Harm     .   (no cloak)
rCorr   .          Rampage  .   (gloves unavailable)
Will    .....                   (boots unavailable)
Stlth   +.........              (no amulet)
HPRegen 1.00/turn               p - ring of protection from cold
MPRegen 0.10/turn               o - ring of wizardry

@: brilliant
A: large, unfitting armour, claws 3, regeneration 1, shaggy fur 1, tough skin 1
a: Renounce Religion


You were on level 4 of the Dungeon.
You worshipped Trog.
Trog was noncommittal.
You visited 1 branch of the dungeon, and saw 4 of its levels.

You collected 85 gold pieces.

Inventory:

Missiles
 c - 3 throwing nets (quivered)
 d - a large rock
 y - 4 javelins
Armour
 a - a +0 robe (worn)
 b - a +0 hat (worn)
Jewellery
 o - a ring of wizardry (right claw)
 p - a ring of protection from cold (left claw)
Wands
 u - a wand of iceblast (18)
Scrolls
 f - 4 scrolls of teleportation {unknown}
 i - a scroll of identify {unknown}
 l - a scroll of vulnerability {unknown}
 m - a scroll of magic mapping {unknown}
 n - a scroll of fog {unknown}
 s - a scroll of fear {unknown}
 x - a scroll of enchant armour {unknown}
Potions
 e - 2 potions of brilliance
 g - 2 potions of curing {unknown}
 h - a potion of haste
 j - 3 potions of heal wounds {unknown}
 k - a potion of mutation {unknown}
 q - a potion of resistance {unknown}
 r - a potion of attraction {unknown}
 t - a potion of invisibility {unknown}
 v - a potion of degeneration {unknown}
 w - a potion of ambrosia {unknown}


   Skills:
 - Level 1.5 Fighting
 - Level 1.7 Throwing
 - Level 2.4 Dodging
 + Level 8.5 Unarmed Combat


You had 6 spell levels left.
You didn't know any spells.
Your spell library contained the following spells:

 Spells                   Type           Power      Damage    Failure   Level
 Apportation              Tloc           0%         N/A       22%         1
 Ozocubu's Armour         Ice            0%         N/A       52%         3
 Alistair's Intoxication  Tmut/Pois      0%         N/A       99%         5
 Ozocubu's Refrigeration  Ice            0%         4d7       100%        7


Dungeon Overview and Level Annotations

Branches:
Dungeon (4/15)
 Temple: D:4-7

Altars:
Trog
Zin


Innate Abilities, Weirdness & Mutations

You are too large for most types of armour.
You have claws for hands.
Your natural rate of healing is unusually fast.
You are covered in fur. (AC +1)
You have tough skin. (AC +1)


Message History

Edmund hits you with a +1 flail of holy wrath! x2
You barely miss Edmund.
Edmund is moderately wounded.
Edmund hits you with a +1 flail of holy wrath.
You claw Edmund!
Edmund is heavily wounded.
Edmund hits you with a +1 flail of holy wrath!
You are too injured to fight recklessly!
You are too injured to fight recklessly!
You claw Edmund!
Edmund is severely wounded.
Edmund hits you with a +1 flail of holy wrath.
You scratch Edmund but do no damage.
Edmund is severely wounded.
You hear the slow rusting of a drain nearby.
Edmund barely misses you.
You scratch Edmund.
Edmund is severely wounded.
Edmund hits you with a +1 flail of holy wrath!
* * * LOW HITPOINT WARNING * * *
Edmund hits you with a +1 flail of holy wrath.
* * * LOW HITPOINT WARNING * * *
You claw Edmund!
Edmund is almost dead.
Edmund says, "Everyone always remembers my brother. 'Who's Edmund?' they ask!"
Edmund closely misses you.
You mangle Edmund!!
You kill Edmund!
Trog accepts your kill.
You have reached level 7!
You closely miss the howler monkey. The howler monkey hits you.
* * * LOW HITPOINT WARNING * * *
You closely miss the howler monkey.
A gnoll comes into view. It is wielding a +0 flail.
The howler monkey hoots and howls with incredible vigour!
You hear a shout! x4; You hear an angry hiss.
You hear a shout!
It was a potion of brilliance.
You feel clever all of a sudden. The howler monkey hits you!
You die...

###########
#.....[...#
#.........#
#.........#
#........[#
#.....)...#
#....######
#@##.# .
##h#..# ...
###....##
.....##.....##
....!@.....##
<.....##..##
....# #g.# .##
#..# #.##


You could see a howler monkey (catching breath) and a gnoll.

Vanquished Creatures
  Sigmund (D:2)
  Edmund (D:4)
  Menkaure (D:4)
  An ogre (D:4)
  An iguana (D:3)
  A gnoll (D:2)
  2 adders
  A worm (D:2)
  A dart slug (D:1)
  5 orcs (D:3)
  9 endoplasms
  4 giant cockroaches
  13 goblins
  3 hobgoblins
  2 jackals (D:1)
  9 kobolds
  3 quokkas (D:2)
  7 ball pythons
  8 bats
  A frilled lizard (D:2)
  3 rats
77 creatures vanquished.

Notes
Turn   | Place    | Note
-------+----------+-------------------------------------------
     0 | D:1      | tardwrangler69 the Troll Gladiator began the quest for the
                  | Orb.
     0 | D:1      | Reached XP level 1. HP: 19/19 MP: 0/0
    10 | D:1      | Found a faded altar of an unknown god.
   136 | D:1      | Reached XP level 2. HP: 26/27 MP: 1/1
   393 | D:1      | Reached skill level 4 in Unarmed Combat
   573 | D:1      | Reached XP level 3. HP: 33/33 MP: 2/2
  1044 | D:2      | Reached XP level 4. HP: 41/41 MP: 3/3
  1128 | D:2      | Noticed Sigmund
  1134 | D:2      | Killed Sigmund
  1135 | D:2      | Reached skill level 6 in Unarmed Combat
  1135 | D:2      | Reached XP level 5. HP: 40/48 MP: 4/4
  1547 | D:3      | Reached XP level 6. HP: 27/55 MP: 5/5
  1595 | D:3      | Found a glowing silver altar of Zin.
  1595 | D:3      | Found a bloodstained altar of Trog.
  1616 | D:3      | Reached skill level 7 in Unarmed Combat
  1943 | D:3      | Became a worshipper of Trog the Wrathful
  2023 | D:4      | Noticed Menkaure
  2026 | D:4      | Noticed Edmund
  2029 | D:4      | Killed Menkaure
  2030 | D:4      | Reached skill level 8 in Unarmed Combat
  2044 | D:4      | Killed Edmund
  2045 | D:4      | Reached XP level 7. HP: 6/62 MP: 6/6
  2045 | D:4      | HP: 3/62 [howler monkey (4)]
  2047 | D:4      | Slain by a howler monkey

Illustrated notes

Levels and vault maps discovered:
D:1:      psy_arrival_dodecagon, layout_basic, ebering_ecumenical_altar_mist,
          hangedman_decor_clover_reticule, hangedman_glass_teeth
D:2:      layout_loops_ring, minivault_25, st_stairs_14, minmay_vboxes,
          uniq_sigmund
D:3:      layout_rooms, mainiacjoe_overflow_large_starburst
D:4:      layout_rooms, portal_sewer_entry_c, gammafunk_ghost_split,
          uniq_edmund, uniq_eustachio, uniq_menkaure

Skill      XL: |  1  2  3  4  5  6 |
---------------+-------------------+-----
Unarmed Combat | 4 6 8 |  8.5
Fighting       | |  1.5
Throwing       | |  1.7
Dodging        | |  2.4

Action                   |  1- 3 |  4- 6 |  7- 9 || total
-------------------------+-------+-------+-------++-------
Melee: Unarmed           |    90 |    84 |     2 ||   176
       Punch             |       |     4 |       ||     4
  Use: Potion            |       |       |     1 ||     1
 Stab: Sleeping          |     1 |       |       ||     1
       Distracted        |       |     1 |       ||     1
Armor: Robe              |    30 |    31 |       ||    61
Dodge: Dodged            |    59 |    49 |       ||   108
